Map: Efflorescence LE

Players

OpuS

  • Race: Protoss Protoss
  • League: Platinum
  • Spawn Location: 9:00

Sketchaphone

  • Race: Zerg Zerg
  • League: Platinum
  • Spawn Location: 6:00

Eruption

  • Race: Zerg Zerg
  • Spawn Location: 12:00

Minipants

  • Race: Zerg Zerg
  • Spawn Location: 3:00

VOD

Have the link to the VOD?

Description

Time

  • Played on: Feb. 21, 2019, 8:46 p.m.
  • Length: 14:05
Show
View Real Time Build Order
Export as new Build Order

OpuS Protoss 

Build Orders: Archon Immortal 

Get SALT Encoding   

  12  0:01  Probe  
  13  0:13  Probe  
  14  0:23  Pylon  
  14  0:25  Probe  
  15  0:39  Probe  
  16  0:44  Gateway  
  16  0:47  Probe  
  16  0:55  Probe, Assimilator  
  17  1:01  Assimilator  
  18  1:07  Probe  
  19  1:22  Probe, Gateway  
  19  1:30  Probe  
  21  1:40  Probe  
  22  1:57  Nexus  
  22  2:05  Pylon  
  22  2:14  Cybernetics Core  
  22  2:30  Zealot x2  
  22  2:32  Probe  
  26  2:45  Pylon  
  26  2:50  Warp Gate  
  26  2:53  Robotics Facility  
  26  2:57  Probe  
  27  3:11  Shield Battery  
  27  3:17  Gateway  
  27  3:20  Pylon  
  27  3:22  Probe  
  28  3:30  Adept  
  28  3:33  Sentry  
  28  3:34  Probe  
  33  3:41  Observer  
  34  3:43  Probe  
  34  3:46  Probe  
  36  3:55  Probe  
  37  3:58  Probe, Stargate  
  38  4:03  Observer  
  38  4:07  Probe  
  40  4:10  Stalker, Probe  
  40  4:15  Stalker  
  45  4:20  Probe  
  45  4:22  Probe  
  47  4:26  Immortal  
  47  4:32  Probe  
  47  4:34  Observer  
  52  4:52  Probe x2  
  54  4:53  Phoenix  
  56  5:08  Probe x2, Immortal  
  56  5:12  Pylon  
  62  5:16  Pylon  
  62  5:30  Probe x2  
  64  5:37  Twilight Council  
  64  5:38  Gateway  
  64  5:41  Assimilator  
  64  5:42  Probe x2  
  66  5:46  Assimilator  
  65  5:54  Probe x2  
  67  6:01  Stalker  
  67  6:02  Stalker x2  
  67  6:03  Charge  
  73  6:06  Probe x2  
  75  6:18  Probe x2  
  76  6:28  Robotics Bay  
  76  6:30  Probe  
  77  6:39  Pylon  
  77  6:41  Pylon  
  73  6:53  Immortal  
  75  6:57  Stalker x2  
  75  6:58  Stalker x2  
  75  7:04  Probe  
  75  7:05  Probe  
  67  7:22  Stalker  
  67  7:23  Stalker x3  
  69  7:34  Probe x2  
  71  7:45  Gateway  
  71  7:46  Probe  
  71  7:50  Stalker x2, Gateway  
  71  7:51  Stalker  
  78  7:52  Gateway  
  78  7:55  Extended Thermal Lance, Gateway  
  76  8:07  Stalker  
  78  8:21  Pylon  
  78  8:23  Pylon  
  78  8:25  Pylon  
  78  8:28  Pylon  
  78  8:29  Immortal  
  78  8:37  Templar Archives  
  78  8:38  Nexus, Pylon  
  82  8:49  Zealot x3  
  82  8:50  Zealot  
  82  8:51  Zealot  
  82  8:52  Zealot  
  94  8:56  Pylon  
  94  9:00  Colossus  
  94  9:05  Stalker x2  
  104  9:21  Zealot x2  
  107  9:32  High Templar x3  
  107  9:33  High Templar  
  107  9:35  Zealot  
  107  9:38  Archon x2  
  117  9:41  Observer  
  117  9:43  Pylon  
  117  9:45  Pylon  
  117  9:46  Forge  
  117  9:47  Pylon  
  117  9:51  Forge  
  117  9:54  Colossus, Forge  
  95  10:25  Zealot x3  
  95  10:26  Zealot x5  
  74  10:39  Colossus  
  74  10:41  Dark Shrine  
  60  11:09  Zealot x4  
  60  11:10  Zealot x2  
  72  11:29  Observer  
  72  11:35  Pylon  
  73  11:50  Observer  
  73  11:54  Dark Templar x2  
  75  11:55  Dark Templar  
  62  12:01  Gateway  
  62  12:03  Gateway  
  62  12:05  Gateway  
  62  12:07  Gateway  
  53  12:10  Gateway  
  53  12:12  Observer  
  28  12:29  Dark Templar  
  17  13:03  Dark Templar  
Show
View Real Time Build Order
Export as new Build Order

Sketchaphone Zerg 

Build Orders: Hatch First 

Get SALT Encoding   

  12  0:02  Drone  
  13  0:09  Drone  
  14  0:20  Overlord  
  14  0:50  Hatchery, Drone  
  14  0:53  Drone  
  14  0:56  Drone  
  16  1:02  Drone  
  17  1:18  Spawning Pool  
  16  1:20  Drone  
  16  1:24  Extractor  
  16  1:28  Drone  
  16  1:29  Extractor  
  16  1:34  Drone  
  17  1:44  Drone  
  18  1:55  Drone  
  19  2:15  Evolution Chamber  
  18  2:21  Lair  
  18  2:23  Drone x4  
  22  2:32  Spine Crawler  
  21  2:40  Queen  
  23  2:44  Drone  
  23  2:48  Drone  
  25  2:57  Overlord  
  25  3:02  Overlord  
  25  3:06  Drone  
  25  3:09  Drone  
  25  3:12  Drone  
  28  3:23  Infestation Pit  
  28  3:24  Drone  
  28  3:25  Drone  
  29  3:29  Drone  
  29  3:34  Drone  
  31  3:35  Drone  
  32  3:44  Queen  
  32  3:46  Drone  
  35  4:04  Hive  
  35  4:10  Nydus Network  
  35  4:14  Overlord  
  35  4:16  Overlord  
  34  4:20  Drone  
  34  4:23  Drone  
  34  4:24  Drone  
  37  4:26  Drone  
  37  4:29  Drone  
  39  4:32  Drone  
  39  4:36  Drone  
  41  4:53  Spine Crawler  
  41  4:57  Nydus Canal  
  40  5:09  Overlord x2  
  40  5:14  Nydus Canal  
  40  5:21  Hatchery  
  39  5:30  Ultralisk Cavern  
  38  5:45  Zerg Ground Armor Level 1  
  38  5:46  Evolution Chamber  
  37  5:58  Hatchery  
  36  6:12  Zerg Melee Weapons Level 1  
  36  6:18  Chitinous Plating  
  36  6:36  Ultralisk  
  42  6:46  Ultralisk  
  48  6:55  Zergling x18  
  57  7:01  Extractor  
  57  7:04  Extractor  
  55  7:19  Metabolic Boost  
  48  7:43  Anabolic Synthesis  
  46  7:48  Queen  
  46  7:49  Queen  
  46  7:50  Queen, Drone  
  53  8:08  Nydus Canal  
  53  8:11  Zergling x2  
  53  8:12  Zergling x14  
  61  8:15  Zerg Ground Armor Level 2  
  61  8:32  Overlord  
  61  8:33  Drone  
  61  8:34  Drone  
  63  8:52  Queen  
  65  9:03  Zergling x2  
  65  9:08  Drone  
  65  9:09  Drone  
  68  9:13  Drone  
  69  9:27  Drone x3  
  72  9:45  Overlord x2  
  72  9:50  Overlord  
  72  10:24  Drone  
  72  10:25  Drone  
  59  10:32  Ultralisk x2  
  59  10:44  Nydus Canal  
  59  10:46  Ultralisk  
  65  11:06  Extractor  
  65  11:09  Extractor  
  65  11:10  Nydus Canal  
  52  11:21  Spawning Pool  
  49  11:34  Ultralisk  
  49  11:36  Overlord x2  
  49  11:37  Overlord  
  49  11:46  Lair  
  29  12:09  Zergling x6  
  27  12:21  Ultralisk  
  32  12:33  Ultralisk  
  38  12:42  Ultralisk  
  42  13:02  Overlord  
  42  13:03  Overlord  
  42  13:04  Queen  
  44  13:17  Overlord  
  50  13:38  Zergling x2  
Show
View Real Time Build Order
Export as new Build Order

Eruption Zerg 

Build Orders: Hatch First 

Get SALT Encoding   

  12  0:01  Drone  
  13  0:13  Overlord  
  13  0:21  Drone  
  14  0:31  Drone x2  
  16  0:52  Hatchery  
  16  0:57  Drone  
  16  1:00  Drone  
  17  1:12  Spawning Pool  
  17  1:16  Drone  
  17  1:18  Extractor  
  16  1:23  Drone  
  17  1:25  Drone  
  17  1:30  Drone  
  19  1:41  Overlord  
  19  1:55  Drone  
  20  2:04  Queen x2  
  24  2:10  Zergling x2  
  24  2:14  Zergling x2  
  26  2:19  Drone  
  26  2:21  Drone  
  28  2:33  Drone x2  
  30  2:42  Drone  
  30  2:43  Drone  
  32  2:52  Roach Warren  
  32  2:55  Drone  
  32  2:56  Drone x2, Extractor  
  33  3:15  Extractor  
  33  3:16  Drone x4  
  33  3:17  Overlord  
  36  3:23  Overlord  
  36  3:40  Roach x3, Evolution Chamber  
  36  3:41  Roach x3  
  47  3:54  Roach x2  
  51  4:05  Lair  
  51  4:07  Zerg Missile Weapons Level 1  
  51  4:12  Overlord  
  51  4:15  Overlord  
  51  4:22  Evolution Chamber  
  50  4:26  Overlord  
  50  4:45  Roach x6  
  62  4:52  Zerg Ground Armor Level 1  
  62  4:55  Drone x2  
  64  5:10  Glial Reconstitution  
  64  5:29  Roach x6  
  76  5:47  Overlord x2, Hydralisk Den  
  74  5:52  Overlord  
  74  5:55  Spore Crawler  
  73  5:59  Spore Crawler  
  73  6:00  Overlord  
  72  6:12  Zerg Missile Weapons Level 2  
  72  6:16  Hydralisk  
  74  6:18  Drone  
  74  6:19  Drone  
  76  6:39  Roach, Hydralisk  
  78  6:40  Hydralisk x2  
  68  7:05  Ravager x5  
  68  7:06  Ravager  
  68  7:08  Ravager  
  75  7:09  Roach  
  75  7:10  Roach x2  
  68  7:43  Roach x7  
  68  7:44  Roach x2  
  86  7:51  Drone  
  84  8:13  Roach x4  
  92  8:25  Drone, Extractor  
  92  8:26  Drone x7  
  99  8:39  Overlord x2  
  99  9:00  Zerg Ground Armor Level 2  
  99  9:15  Spine Crawler  
  98  9:22  Hatchery  
  97  9:25  Roach  
  97  9:26  Roach x5  
  109  9:39  Tunneling Claws  
  109  9:43  Roach x3  
  115  9:48  Overlord  
  115  9:49  Overlord x2  
  115  10:03  Overlord x3  
  100  10:40  Ravager x7  
  100  10:41  Ravager x5  
  100  10:42  Ravager x2  
  109  11:21  Roach x10  
  109  11:22  Roach  
  131  11:51  Roach x8  
  144  12:30  Queen  
  144  12:32  Drone x2  
  144  12:33  Drone x2  
  144  12:34  Drone x7  
  129  13:17  Zergling x2  
  129  13:19  Roach x12  
Show
View Real Time Build Order
Export as new Build Order

Minipants Zerg 

Build Orders: Hatch First, Lurkers 

Get SALT Encoding   

  12  0:03  Drone  
  13  0:10  Drone  
  14  0:37  Hatchery  
  13  0:46  Drone  
  14  0:51  Overlord  
  14  1:03  Spawning Pool  
  13  1:06  Drone  
  14  1:23  Drone x2  
  14  1:24  Drone  
  17  1:35  Drone  
  18  1:42  Extractor  
  17  1:53  Drone x2  
  19  1:55  Queen  
  21  2:04  Drone  
  21  2:05  Drone  
  23  2:09  Extractor  
  23  2:13  Roach Warren  
  23  2:14  Drone x2  
  23  2:19  Drone  
  24  2:28  Drone  
  25  2:31  Queen  
  27  2:37  Overlord  
  27  2:50  Drone  
  28  2:54  Overlord  
  28  2:56  Overlord  
  28  3:05  Drone x4  
  32  3:11  Lair  
  32  3:18  Drone x3  
  35  3:37  Queen  
  37  3:43  Drone x6  
  43  3:59  Evolution Chamber, Drone x2  
  43  4:00  Drone x2  
  46  4:03  Drone, Extractor  
  46  4:04  Extractor  
  45  4:10  Overlord  
  45  4:13  Queen  
  47  4:30  Glial Reconstitution  
  47  4:31  Hydralisk Den  
  47  4:32  Drone  
  47  4:34  Drone x3  
  47  4:35  Drone  
  51  4:45  Hatchery  
  51  4:51  Roach  
  51  4:52  Roach x3  
  58  5:07  Overlord x3  
  58  5:11  Zerg Missile Weapons Level 1  
  58  5:14  Grooved Spines  
  58  5:19  Hydralisk  
  60  5:24  Overlord x2  
  60  5:27  Drone x2  
  62  5:42  Pneumatized Carapace  
  62  5:43  Overlord x2  
  62  5:44  Hydralisk  
  62  5:45  Hydralisk  
  66  5:56  Hydralisk  
  66  5:57  Hydralisk x2  
  72  6:09  Hydralisk  
  74  6:25  Muscular Augments, Hatchery  
  74  6:29  Hydralisk x2  
  74  6:30  Hydralisk x4  
  85  6:39  Hydralisk x3  
  91  6:47  Overlord x2  
  91  7:05  Hydralisk x3  
  91  7:06  Hydralisk x2  
  99  7:10  Zerg Ground Armor Level 1  
  93  7:17  Hydralisk  
  93  7:18  Hydralisk  
  97  7:24  Hydralisk x2  
  87  7:39  Hydralisk  
  87  7:40  Hydralisk x3  
  93  7:50  Drone x2  
  93  7:51  Drone x5  
  100  8:08  Hydralisk  
  100  8:09  Hydralisk x4  
  110  8:24  Hydralisk x2  
  111  8:36  Drone x3  
  111  8:37  Drone x4  
  118  8:52  Hatchery  
  118  8:54  Drone x2  
  119  9:07  Lurker Den  
  118  9:13  Hydralisk x6  
  118  9:16  Overlord x2  
  130  9:40  Lair  
  130  9:46  Extractor  
  130  9:48  Drone x2, Extractor  
  130  9:49  Drone x3  
  130  9:50  Drone x3  
  136  9:58  Overlord  
  136  9:59  Hydralisk  
  136  10:04  Hatchery  
  137  10:15  Hydralisk  
  137  10:16  Hydralisk x9  
  139  10:35  Hydralisk  
  125  10:36  Hydralisk x4  
  125  10:37  Hydralisk  
  127  10:49  Lurker  
  128  10:51  Lurker  
  124  11:08  Lurker x2  
  124  11:09  Lurker  
  123  11:35  Hydralisk  
  123  11:36  Hydralisk x6  
  135  11:46  Hydralisk x2  
  101  12:25  Hydralisk  
  101  12:26  Hydralisk x7  
  97  12:46  Overseer x2  
  93  12:54  Hydralisk x4  
  85  13:23  Hydralisk x5  
  89  13:38  Zergling x2  
  89  13:39  Zergling x14  
  97  13:45  Hatchery  
Tags
 
Add a new tag
Caveats
  • Supply blocks, unpowered buildings, or Contaminate may cause inaccurate times.
  • Supply counts are checked every 10 seconds.